[ AOE2 MATCH · #484222287 ]
UnrankedSicilians vs Franks
[ REPLAY ANALYSIS · EXTRACTED FROM THE RECORDED GAME ]
Feudal
10:31
Castle
—
Imperial
—
| APM avg | 31.4 |
| APM peak | 83 |
| eAPM avg | 13.1 |
| Villagers / military | 49 / 0 |
Focus
⚔️ 14.4% · 🌾 85.6%
Feudal
12:08
Castle
—
Imperial
—
| APM avg | 20.3 |
| APM peak | 73 |
| eAPM avg | 9.1 |
| Villagers / military | 34 / 8 |
Focus
⚔️ 12.1% · 🌾 87.9%
Scout Cavalry ×8
Feudal
11:19
Castle
—
Imperial
—
| APM avg | 15.1 |
| APM peak | 39 |
| eAPM avg | 8.1 |
| Villagers / military | 36 / 9 |
Focus
⚔️ 13.0% · 🌾 87.0%
Spearman ×9
Feudal
9:15
Castle
16:39
Imperial
—
| APM avg | 25.8 |
| APM peak | 58 |
| eAPM avg | 9.7 |
| Villagers / military | 38 / 10 |
Focus
⚔️ 14.6% · 🌾 85.4%
Archer ×10
Match map
Initial resources + every placement click. Lines = walls · curves = elevation contours. ◆ gold · ⬟ stone · ● berries · ✦ relic · ◌ wall gap
Your base· Open — unwalled flank
F1's base· Open — unwalled flank
pablo.torres's base· Open — unwalled flank
Burning's base· Open — unwalled flank
Smoothed initial terrain · ◌ = detected wall gap · hover for details
Inputs per minute
— Capitan - - F1
Build order — Capitan
93 actions detected in the replay
| 0:00 | Create | Villager (Male) |
| 0:00 | Create | Villager (Male) |
| 0:01 | Create | Villager (Male) |
| 0:03 | Build | House |
| 0:05 | Build | House |
| 0:37 | Create | Villager (Male) |
| 0:38 | Create | Villager (Male) |
| 1:33 | Create | Villager (Male) |
| 1:34 | Create | Villager (Male) |
| 1:46 | Create | Villager (Male) |
| 1:46 | Create | Villager (Male) |
| 1:47 | Create | Villager (Male) |
| 1:51 | Build | Lumber Camp |
| 2:18 | Create | Villager (Male) |
| 2:19 | Create | Villager (Male) |
| 2:19 | Create | Villager (Male) |
| 2:53 | Create | Villager (Male) |
| 2:53 | Create | Villager (Male) |
| 3:18 | Create | Villager (Male) |
| 3:18 | Create | Villager (Male) |
| 3:19 | Create | Villager (Male) |
| 3:35 | Create | Villager (Male) |
| 3:36 | Create | Villager (Male) |
| 3:36 | Create | Villager (Male) |
| 3:50 | Build | House |
| 3:54 | Create | Villager (Male) |
| 3:54 | Create | Villager (Male) |
| 3:55 | Create | Villager (Male) |
| 4:23 | Build | Mill |
| 4:29 | Create | Villager (Male) |
| 4:29 | Create | Villager (Male) |
| 4:47 | Create | Villager (Male) |
| 4:48 | Create | Villager (Male) |
| 4:50 | Create | Villager (Male) |
| 4:51 | Create | Villager (Male) |
| 5:46 | Build | House |
| 6:14 | Create | Villager (Male) |
| 6:34 | Build | Palisade Wall |
| 6:40 | Create | Villager (Male) |
| 7:03 | Create | Villager (Male) |
| 7:15 | Create | Villager (Male) |
| 7:44 | Build | House |
| 7:46 | Build | House |
| 7:52 | Create | Villager (Male) |
| 8:16 | Research | Feudal Age |
| 8:16 | Research | Feudal Age |
| 8:39 | Create | Villager (Male) |
| 9:11 | Build | House |
| 9:13 | Build | House |
| 9:16 | Build | Palisade Wall |
| 9:22 | Build | Farm |
| 9:27 | Build | Farm |
| 9:55 | Build | Palisade Wall |
| 10:31 | Age | Feudal Age |
| 10:33 | Research | Double-Bit Axe |
| 10:33 | Research | Double-Bit Axe |
| 10:34 | Research | Double-Bit Axe |
| 10:52 | Create | Villager (Male) |
| 10:57 | Build | Farm |
| 11:00 | Build | Farm |
| 11:02 | Create | Villager (Male) |
| 11:15 | Create | Villager (Male) |
| 11:50 | Build | Mining Camp |
| 12:06 | Create | Villager (Male) |
| 12:10 | Build | Farm |
| 12:12 | Build | Farm |
| 12:19 | Create | Villager (Male) |
| 12:43 | Build | Market |
| 12:44 | Build | House |
| 12:46 | Create | Villager (Male) |
| 12:52 | Build | Farm |
| 12:58 | Build | Farm |
| 13:00 | Create | Villager (Male) |
| 13:21 | Create | Villager (Male) |
| 13:29 | Build | Blacksmith |
| 13:32 | Build | House |
| 13:48 | Build | Farm |
| 13:55 | Create | Villager (Male) |
| 14:02 | Build | Farm |
| 14:33 | Build | Donjon |
| 14:35 | Create | Villager (Male) |
| 14:46 | Create | Villager (Male) |
| 14:57 | Build | Farm |
| 14:58 | Create | Villager (Male) |
| 15:25 | Build | Palisade Wall |
| 15:32 | Build | House |
| 15:37 | Create | Villager (Male) |
| 15:40 | Build | Farm |
| 15:51 | Build | Farm |
| 16:29 | Build | Palisade Wall |
| 16:36 | Build | Palisade Wall |
| 16:39 | Research | Castle Age |
| 16:39 | Research | Castle Age |
Build order — F1
76 actions detected in the replay
| 0:02 | Build | House |
| 0:03 | Build | House |
| 0:05 | Create | Villager (Male) |
| 0:05 | Create | Villager (Male) |
| 0:10 | Create | Villager (Male) |
| 0:10 | Create | Villager (Male) |
| 0:10 | Create | Villager (Male) |
| 0:58 | Build | House |
| 0:59 | Build | House |
| 1:39 | Create | Villager (Male) |
| 1:39 | Create | Villager (Male) |
| 2:06 | Build | Lumber Camp |
| 2:19 | Create | Villager (Male) |
| 2:20 | Create | Villager (Male) |
| 3:38 | Create | Villager (Male) |
| 3:38 | Create | Villager (Male) |
| 3:39 | Create | Villager (Male) |
| 3:39 | Create | Villager (Male) |
| 3:54 | Create | Villager (Male) |
| 3:54 | Create | Villager (Male) |
| 4:25 | Create | Villager (Male) |
| 4:26 | Create | Villager (Male) |
| 4:48 | Create | Villager (Male) |
| 4:48 | Create | Villager (Male) |
| 4:49 | Create | Villager (Male) |
| 5:36 | Create | Villager (Male) |
| 5:36 | Create | Villager (Male) |
| 6:09 | Build | Mill |
| 6:27 | Create | Villager (Male) |
| 6:27 | Create | Villager (Male) |
| 8:34 | Build | Lumber Camp |
| 9:48 | Build | Barracks |
| 9:58 | Research | Feudal Age |
| 10:50 | Build | Farm |
| 11:00 | Build | House |
| 11:01 | Build | House |
| 11:12 | Build | Farm |
| 11:55 | Create | Villager (Male) |
| 11:55 | Create | Villager (Male) |
| 11:57 | Create | Villager (Male) |
| 12:08 | Age | Feudal Age |
| 12:13 | Build | Stable |
| 12:16 | Build | Stable |
| 12:32 | Build | Palisade Gate |
| 12:44 | Research | Double-Bit Axe |
| 13:01 | Build | Farm |
| 13:04 | Create | Villager (Male) |
| 13:08 | Create | Villager (Male) |
| 13:09 | Research | Wheelbarrow |
| 13:14 | Create | Scout Cavalry |
| 13:15 | Create | Scout Cavalry |
| 13:25 | Build | Farm |
| 13:40 | Build | Mining Camp |
| 13:52 | Build | Farm |
| 13:58 | Build | Farm |
| 14:02 | Build | Farm |
| 14:24 | Create | Scout Cavalry |
| 14:24 | Create | Scout Cavalry |
| 14:30 | Create | Scout Cavalry |
| 14:36 | Build | House |
| 14:39 | Build | House |
| 15:20 | Build | Farm |
| 15:21 | Build | Farm |
| 15:23 | Build | Farm |
| 15:24 | Build | Farm |
| 15:52 | Build | Lumber Camp |
| 16:02 | Build | House |
| 17:20 | Create | Scout Cavalry |
| 17:20 | Create | Scout Cavalry |
| 17:20 | Create | Scout Cavalry |
| 17:33 | Build | Blacksmith |
| 17:38 | Create | Villager (Male) |
| 17:38 | Create | Villager (Male) |
| 17:38 | Create | Villager (Male) |
| 17:38 | Create | Villager (Male) |
| 17:39 | Create | Villager (Male) |
Build order — pablo.torres
71 actions detected in the replay
| 0:00 | Create | Villager (Male) |
| 0:01 | Create | Villager (Male) |
| 0:01 | Create | Villager (Male) |
| 0:02 | Create | Villager (Male) |
| 0:02 | Create | Villager (Male) |
| 0:05 | Build | House |
| 0:08 | Build | House |
| 1:38 | Create | Villager (Male) |
| 1:38 | Create | Villager (Male) |
| 2:11 | Create | Villager (Male) |
| 2:11 | Create | Villager (Male) |
| 2:11 | Create | Villager (Male) |
| 2:51 | Create | Villager (Male) |
| 2:51 | Create | Villager (Male) |
| 3:30 | Create | Villager (Male) |
| 3:30 | Create | Villager (Male) |
| 3:31 | Create | Villager (Male) |
| 3:35 | Research | Loom |
| 3:41 | Build | House |
| 3:42 | Build | House |
| 4:22 | Create | Villager (Male) |
| 4:22 | Create | Villager (Male) |
| 5:25 | Create | Villager (Male) |
| 5:26 | Create | Villager (Male) |
| 6:10 | Create | Villager (Male) |
| 6:10 | Create | Villager (Male) |
| 6:36 | Build | Mill |
| 7:27 | Build | Lumber Camp |
| 7:54 | Create | Villager (Male) |
| 7:54 | Create | Villager (Male) |
| 7:54 | Create | Villager (Male) |
| 8:05 | Create | Villager (Male) |
| 8:34 | Create | Villager (Male) |
| 8:48 | Build | House |
| 9:02 | Research | Feudal Age |
| 9:22 | Create | Villager (Male) |
| 9:22 | Create | Villager (Male) |
| 9:37 | Build | Mill |
| 10:12 | Build | House |
| 10:41 | Create | Villager (Male) |
| 10:41 | Create | Villager (Male) |
| 11:12 | Create | Villager (Male) |
| 11:19 | Age | Feudal Age |
| 11:36 | Research | Double-Bit Axe |
| 11:46 | Build | Barracks |
| 12:04 | Build | Blacksmith |
| 12:18 | Build | Blacksmith |
| 12:27 | Research | Wheelbarrow |
| 13:04 | Build | House |
| 13:10 | Build | House |
| 14:35 | Build | Stable |
| 15:11 | Create | Villager (Male) |
| 15:11 | Create | Villager (Male) |
| 15:11 | Create | Villager (Male) |
| 15:11 | Create | Villager (Male) |
| 15:11 | Create | Villager (Male) |
| 15:32 | Build | Mining Camp |
| 15:44 | Build | Farm |
| 15:45 | Build | Farm |
| 15:49 | Build | Farm |
| 15:54 | Build | Farm |
| 16:02 | Build | Farm |
| 16:18 | Create | Spearman |
| 16:18 | Create | Spearman |
| 16:21 | Create | Spearman |
| 16:21 | Create | Spearman |
| 16:21 | Create | Spearman |
| 16:21 | Create | Spearman |
| 16:44 | Create | Spearman |
| 16:44 | Create | Spearman |
| 16:44 | Create | Spearman |
Build order — Burning
89 actions detected in the replay
| 0:04 | Research | Loom |
| 0:04 | Create | Villager (Male) |
| 0:07 | Build | House |
| 0:10 | Build | House |
| 0:11 | Create | Villager (Male) |
| 0:12 | Create | Villager (Male) |
| 0:12 | Create | Villager (Male) |
| 1:55 | Create | Villager (Male) |
| 1:55 | Create | Villager (Male) |
| 1:56 | Create | Villager (Male) |
| 2:26 | Create | Villager (Male) |
| 2:27 | Create | Villager (Male) |
| 2:29 | Build | House |
| 2:33 | Build | Lumber Camp |
| 2:56 | Create | Villager (Male) |
| 2:56 | Create | Villager (Male) |
| 3:15 | Create | Villager (Male) |
| 3:16 | Create | Villager (Male) |
| 3:51 | Create | Villager (Male) |
| 3:51 | Create | Villager (Male) |
| 4:07 | Create | Villager (Male) |
| 4:07 | Create | Villager (Male) |
| 4:43 | Create | Villager (Male) |
| 4:44 | Create | Villager (Male) |
| 4:44 | Create | Villager (Male) |
| 4:44 | Create | Villager (Male) |
| 5:17 | Create | Villager (Male) |
| 5:17 | Create | Villager (Male) |
| 5:29 | Build | Mill |
| 5:30 | Create | Villager (Male) |
| 5:31 | Create | Villager (Male) |
| 7:05 | Research | Feudal Age |
| 7:31 | Build | House |
| 8:40 | Build | Farm |
| 8:44 | Build | Farm |
| 9:03 | Create | Villager (Male) |
| 9:03 | Create | Villager (Male) |
| 9:04 | Create | Villager (Male) |
| 9:04 | Create | Villager (Male) |
| 9:04 | Create | Villager (Male) |
| 9:15 | Age | Feudal Age |
| 9:43 | Build | Barracks |
| 9:56 | Create | Villager (Male) |
| 10:10 | Build | Mining Camp |
| 10:17 | Build | House |
| 10:30 | Create | Villager (Male) |
| 11:02 | Build | Blacksmith |
| 11:51 | Build | Archery Range |
| 12:02 | Build | House |
| 12:56 | Build | Farm |
| 12:58 | Create | Villager (Male) |
| 12:59 | Create | Villager (Male) |
| 13:59 | Research | Castle Age |
| 14:04 | Build | House |
| 14:08 | Build | Archery Range |
| 14:31 | Build | Farm |
| 14:32 | Build | Farm |
| 14:32 | Build | Farm |
| 14:32 | Build | Farm |
| 14:33 | Build | Farm |
| 14:35 | Build | Farm |
| 15:02 | Build | House |
| 15:04 | Build | House |
| 15:54 | Research | Horse Collar |
| 15:56 | Research | Double-Bit Axe |
| 16:08 | Build | House |
| 16:10 | Build | House |
| 16:24 | Create | Villager (Male) |
| 16:24 | Create | Villager (Male) |
| 16:24 | Create | Villager (Male) |
| 16:24 | Create | Villager (Male) |
| 16:39 | Age | Castle Age |
| 16:48 | Create | Archer |
| 16:49 | Create | Archer |
| 16:49 | Create | Archer |
| 16:49 | Create | Archer |
| 16:50 | Create | Archer |
| 16:50 | Create | Archer |
| 16:50 | Create | Archer |
| 16:50 | Create | Archer |
| 16:51 | Create | Archer |
| 16:51 | Create | Archer |
| 17:10 | Build | Archery Range |
| 17:33 | Build | House |
| 17:34 | Build | House |
| 17:37 | Build | House |
| 17:38 | Build | House |
| 17:40 | Build | House |
| 17:49 | Research | Fletching |
Match timeline
| 6:34 | Capitan · wall_segment Palisade Wall x12 |
| 9:15 | Burning · age_up feudal |
| 9:16 | Capitan · wall_segment Palisade Wall x1 |
| 9:43 | Burning · first_building Barracks |
| 9:48 | F1 · first_building Barracks |
| 9:55 | Capitan · wall_segment Palisade Wall x1 |
| 10:31 | Capitan · age_up feudal |
| 11:19 | pablo.torres · age_up feudal |
| 11:46 | pablo.torres · first_building Barracks |
| 11:51 | Burning · first_building Archery Range |
| 12:08 | F1 · age_up feudal |
| 12:13 | F1 · first_building Stable |
| 14:33 | Capitan · first_building Donjon |
| 14:35 | pablo.torres · first_building Stable |
| 15:25 | Capitan · wall_segment Palisade Wall x11 |
| 16:29 | Capitan · wall_segment Palisade Wall x10 |
| 16:36 | Capitan · wall_segment Palisade Wall x11 |
| 16:39 | Burning · age_up castle |
| 17:09 | Capitan · resign |
[ AI ANALYSIS · 1 CREDIT ]
What really happened in this match?
Wolo.gg analyzes every decision: build order, eco, micro, common mistakes by bracket. Personalized analysis on WhatsApp or Discord in 30 seconds.
Civ guide
Sicilians
Perfil
Jugador #905440